 Dungeon Crawl Stone Soup version 0.18-a0-33-g9e10395 (webtiles) character file.

6155 katie03 the Blocker (level 11, 0/72 HPs)
             Began as a Halfling Fighter on Nov 3, 2015.
             Was a High Priest of Trog.
             Killed by divine providence
             ... invoked by an orc priest
              (15 damage)
             ... on level 4 of the Orcish Mines on Nov 5, 2015.
             The game lasted 01:06:45 (9340 turns).

katie03 the Blocker (Halfling Fighter)              Turns: 9340, Time: 01:06:46

Health: 0/72       AC: 18    Str: 17    XL:     11   Next: 13%
Magic:  12/12      EV: 10    Int:  9    God:    Trog [*****.]
Gold:   447        SH: 14    Dex: 21    Spells: 0 memorised, 10 levels left

rFire  . . .     SeeInvis .     h - +1 scimitar (slice)
rCold  . . .     Clarity  .     w - +0 plate armour
rNeg   . . .     SustAt   .     c - +1 shield
rPois  .         Gourm    .     i - +1 hat
rElec  .         Spirit   .     (no cloak)
rCorr  .         Warding  .     q - +2 pair of gloves
rMut   .         Stasis   .     r - +0 pair of boots
MR     .....                    (no amulet)
Stlth  ..........               g - +6 ring of dexterity
                                s - ring of stealth

@: exhausted, slowed, drained, very slow, not resistant to hostile enchantments,
extremely unstealthy
A: mutation resistance 1
a: Berserk, Trog's Hand, Brothers in Arms, Burn Spellbooks, Renounce Religion


You were on level 4 of the Orcish Mines.
You worshipped Trog.
Trog was extremely pleased with you.
You were near starving.

You visited 3 branches of the dungeon, and saw 14 of its levels.

You collected 971 gold pieces.
You spent 524 gold pieces at shops.

Inventory:

Hand Weapons
 a - a +0 long sword
 h - a +1 scimitar of slicing (weapon)
Armour
 c - a +1 shield (worn)
 i - a +1 hat (worn)
 q - a +2 pair of gloves (worn)
 r - a +0 pair of boots (worn)
 w - a +0 plate armour (worn)
Jewellery
 g - a +6 ring of dexterity (right hand)
 n - an uncursed ring of poison resistance
 s - a ring of stealth (left hand)
Wands
 d - a wand of slowing (25)
 k - a wand of fire (0)
 o - a wand of paralysis (14)
 p - a wand of paralysis (6)
 t - a wand of disintegration (9)
 y - a wand of polymorph (12)
Scrolls
 f - 4 scrolls of remove curse
 j - a scroll of identify
 x - a scroll of teleportation
 z - a scroll of magic mapping
Potions
 l - 2 potions of flight
 m - 3 potions of brilliance
 v - 2 potions of haste
Miscellaneous
 b - a stone of tremors


   Skills:
 + Level 6.2(5.7) Fighting
 + Level 7.7(7.1) Long Blades
 + Level 7.3(6.8) Armour
 + Level 6.5(6.0) Dodging
 + Level 1.9(1.4) Stealth
 + Level 10.6(10.0) Shields
 + Level 1.7(1.2) Evocations


You had 10 spell levels left.
You didn't know any spells.

Dungeon Overview and Level Annotations

Branches:
Dungeon (9/15)             Temple (1/1) D:6             Orc (4/4) D:9
   Lair: D:8-11         Elf: Orc:3-4

Altars:
Ashenzari
Cheibriados
Dithmenos
Elyvilon
Fedhas
Gozag
Kikubaaqudgha
Makhleb
Nemelex Xobeh
Okawaru
Qazlal
Ru
Sif Muna
Trog
Vehumet
Xom
Yredelemnul
Zin
The Shining One
Beogh

Shops:
D:4 =(   D:8 ?   Orc:1 }

Annotations:
D:6 Sigmund


Innate Abilities, Weirdness & Mutations

You are small and have problems with some larger weapons.
You are somewhat resistant to further mutation.


Message History

You block the orc's attack. The orc hits you but does no damage.
Drink which item? (? for menu, Esc to quit)
Okay, then.
Read which item? (? for menu, Esc to quit)
Okay, then.
You hit the orc.
The orc is severely wounded.
You block the orc's attack. The orc hits you with a short sword.
* * * LOW HITPOINT WARNING * * *
The orc completely misses you. You block the orc's attack.
The orc closely misses you.
You hit the orc but do no damage.
The orc is severely wounded.
You block the orc's attack. The orc hits you but does no damage.
The orc barely misses you. The orc hits you with a flail.
* * * LOW HITPOINT WARNING * * *
The orc hits you but does no damage.
The orc priest calls down the wrath of Beogh upon you.
Something smites you!
You die...

....................
....o...............
....................
#....o........#.....
.###..oo......o.....
###oo.##.........


#ooo# ##.. ##ooo# .. #@oo## ##o## ### You could see an orc priest and 12 orcs.

Vanquished Creatures
  Urug (Orc:2)
  An orc sorcerer (Orc:3)
  Maurice (D:8)
  A troll (D:8)
  2 hungry ghosts
  A human (D:7)
  2 wargs (Orc:3)
  An ice beast (D:7)
  8 orc warriors
  A phantom (D:8)
  A necrophage (D:6)
  5 ogres
  A centaur (D:8)
  A gnoll sergeant (D:7)
  5 giant frogs
  4 scorpions
  A quasit (D:8)
  6 crimson imps
  6 orc priests
  2 jellies (D:8)
  A giant frog skeleton (D:9)
  24 orc wizards
  2 centaur skeletons
  2 iguanas (D:7)
  5 hounds
  8 worker ants
  7 gnolls
  6 adders
  2 shadow imps (D:6)
  2 adder skeletons
  A worm (D:2)
  3 giant geckos
  77 orcs
  9 bats
  7 giant cockroaches
  9 goblins
  7 hobgoblins
  6 jackals
  2 quokkas (D:5)
  7 giant newts
  4 kobolds
  4 rats
246 creatures vanquished.

Vanquished Creatures (others)
  An orc wizard (Orc:3)
  An orc (D:8)
2 creatures vanquished.

Grand Total: 248 creatures vanquished

Notes
Turn   | Place    | Note
--------------------------------------------------------------
     0 | D:1      | katie03 the Halfling Fighter began the quest for the Orb.
     0 | D:1      | Reached XP level 1. HP: 15/15 MP: 1/1
   102 | D:1      | Reached XP level 2. HP: 18/20 MP: 2/2
   411 | D:1      | Reached XP level 3. HP: 23/26 MP: 3/3
   633 | D:2      | Found a radiant altar of Vehumet.
  1121 | D:2      | Found a bloodstained altar of Trog.
  1143 | D:2      | Became a worshipper of Trog the Wrathful
  1196 | D:3      | Reached skill level 1 in Dodging
  1196 | D:3      | Reached XP level 4. HP: 25/31 MP: 4/4
  1395 | D:3      | Reached skill level 4 in Shields
  1674 | D:3      | Reached * piety under Trog
  1674 | D:3      | Reached XP level 5. HP: 27/36 MP: 5/5
  2045 | D:4      | Reached XP level 6. HP: 33/42 MP: 6/6
  2064 | D:4      | Found Irobbig's Jewellery Shop.
  2103 | D:4      | Found a stormy altar of Qazlal.
  2213 | D:4      | Found Sesch's Antique Weapon Emporium.
  2228 | D:4      | Bought a glowing scimitar for 84 gold pieces
  2312 | D:4      | Found a sparkling altar of Nemelex Xobeh.
  2312 | D:4      | Found an opulent altar of Gozag.
  2607 | D:4      | Found a basalt altar of Yredelemnul.
  2878 | D:4      | Reached XP level 7. HP: 10/46 MP: 7/7
  3177 | D:5      | Entered Level 5 of the Dungeon
  3177 | D:5      | Noticed a hungry ghost
  3202 | D:5      | Killed a hungry ghost
  3202 | D:5      | Reached skill level 5 in Shields
  3418 | D:5      | Reached ** piety under Trog
  3871 | D:5      | Reached XP level 8. HP: 54/54 MP: 8/8
  3985 | D:6      | Found an ancient bone altar of Kikubaaqudgha.
  3986 | D:6      | Noticed Sigmund
  4089 | D:6      | Reached skill level 6 in Shields
  4103 | D:6      | Reached skill level 5 in Armour
  4287 | D:6      | Found a staircase to the Ecumenical Temple.
  4343 | Temple   | Entered the Ecumenical Temple
  4708 | D:6      | Found a white marble altar of Elyvilon.
  4989 | D:7      | Found a burning altar of Makhleb.
  4993 | D:7      | Reached skill level 5 in Dodging
  5056 | D:7      | Reached skill level 7 in Shields
  5175 | D:7      | Reached skill level 1 in Evocations
  5175 | D:7      | Reached XP level 9. HP: 58/58 MP: 9/9
  5234 | D:7      | Reached skill level 5 in Long Blades
  5308 | D:7      | Reached *** piety under Trog
  5361 | D:7      | Upgraded the game from 0.18-a0-23-g19353e1 to 0.18-a0-27-g1f73fa3
  5457 | D:7      | Found a runed door.
  5462 | D:7      | Found a basalt altar of Yredelemnul.
  6086 | D:8      | Reached skill level 1 in Stealth
  6095 | D:8      | Found a shattered altar of Ashenzari.
  6184 | D:8      | Noticed Maurice
  6190 | D:8      | Reached skill level 5 in Fighting
  6224 | D:8      | Killed Maurice
  6224 | D:8      | Reached skill level 8 in Shields
  6240 | D:8      | Found a blossoming altar of Fedhas.
  6279 | D:8      | Reached XP level 10. HP: 46/66 MP: 9/11
  6420 | D:8      | Found Goturel's Magic Scroll Shoppe.
  6477 | D:8      | Reached **** piety under Trog
  6771 | D:8      | Reached skill level 9 in Shields
  7063 | D:9      | Found a staircase to the Orcish Mines.
  7101 | D:9      | Found a sacrificial altar of Ru.
  7119 | Orc:1    | Entered Level 1 of the Orcish Mines
  7119 | Orc:1    | Found Fusun's Gadget Shoppe.
  7298 | Orc:1    | Bought a stone of tremors for 440 gold pieces
  7497 | Orc:2    | Found a roughly hewn altar of Beogh.
  7607 | Orc:2    | Noticed Urug
  7653 | Orc:2    | Killed Urug
  7860 | Orc:2    | Upgraded the game from 0.18-a0-27-g1f73fa3 to 0.18-a0-33-g9e10395
  8162 | Orc:3    | Reached ***** piety under Trog
  8165 | Orc:3    | Reached skill level 10 in Shields
  8627 | Orc:3    | Reached XP level 11. HP: 68/72 MP: 12/12
  8777 | Orc:3    | Noticed an orc sorcerer
  8777 | Orc:3    | Paralysed by an orc sorcerer for 5 turns
  8799 | Orc:3    | Killed an orc sorcerer
  9268 | Orc:4    | Entered Level 4 of the Orcish Mines
  9340 | Orc:4    | Killed from afar by an orc priest

Vault maps used:
D:1:      dpeg_arrival_rhombi
D:2:      lemuel_round_altar, fiery_altar_vehumet, dk_noncrumbling_3
D:3:      first_bread, cheibrodos_gnoll_hut
D:4:      grunt_temple_overflow_opulence, nicolae_overflow_crystal_walls,
          serial_shops, nicolae_shop_competitors_out_of_business, shop,
          grunt_qazlal_sundering
D:5:      hangedman_decor_diamond_cutter
D:6:      lemuel_crystal_altar, nicolae_overflow_hidden_temple,
          minmay_temple_entry_junction, st_stairs_11, feat_on_display,
          uniq_sigmund
D:7:      bloody_makhleb, dk_yredelemnul_ordeal
D:8:      kennysheep_mini_moat, kennysheep_little_box, serial_shops,
          kennysheep_mini, uniq_maurice
D:9:      minmay_imperfect_grid, lemuel_doored_altar, lair_0_dummy
Temple:   circular_temple_pool_8
Orc:1:    serial_shops, shop, mines_bat_river
Orc:2:    basic_altar, uniq_urug
Orc:3:    basic_altar, serial_shops, shop, nicolae_orc_pool_cavern
Orc:4:    grunt_orc_tribal_feast, serial_shops, shop, uniq_rupert

Action                   |  1- 3 |  4- 6 |  7- 9 | 10-12 || total
-------------------------+-------+-------+-------+-------++-------
Melee: Long sword        |   133 |   143 |       |       ||   276
       Scimitar          |       |    81 |   321 |   462 ||   864
Invok: Berserk           |       |     2 |     3 |     4 ||     9
       Burn Spellbooks   |       |       |     1 |     1 ||     2
       Trog's Hand       |       |       |       |     1 ||     1
       Brothers in Arms  |       |       |       |     1 ||     1
Evoke: Wand              |       |       |    15 |     5 ||    20
  Use: Scroll            |     2 |     4 |    11 |       ||    17
       Potion            |     2 |     4 |     3 |     1 ||    10
 Stab: Paralysed         |       |       |       |     2 ||     2
  Eat: Pizza             |     1 |       |     1 |     1 ||     3
       Bread ration      |       |     1 |     2 |       ||     3
       Meat ration       |       |     1 |     2 |     1 ||     4
       Fruit             |       |       |     4 |       ||     4
       Beef jerky        |       |       |     1 |     1 ||     2
       Chunk             |       |       |       |     7 ||     7
